[Event "Asian Continental-ch Women 2019"]
[Site "XingTai"]
[Date "2019.06.07"]
[Round "1.18"]
[White "Saduakassova, Dinara"]
[Black "Mohota, Nisha"]
[Result "1-0"]
[ECO "C95"]
[WhiteElo "2458"]
[BlackElo "2236"]
[Annotator "ChessBase"]
[PlyCount "77"]
[EventDate "2019.06.06"]
[EventType "swiss"]
[EventCountry "CHN"]
[SourceTitle "playchess.com"]
[Source "ChessBase"]
[SourceQuality "1"]
[TimeControl "40/5400+30:1800+30"]

1. e4 e5 2. Nf3 Nc6 3. Bb5 a6 4. Ba4 Nf6 5. O-O Be7 6. Re1 b5 7. Bb3 d6 8. c3 O-O 9. h3 Nb8 10. d4 Nbd7 11. Nbd2 Bb7 12. Bc2 Re8 13. a4 Bf8 14. Bd3 c6 15. b3 g6 16. Bb2 Nh5 17. Bf1 Bh6 18. Qc2 Nf4 19. axb5 cxb5 20. d5 Rc8 21. b4 Rc7 22. Nb3 f5 23. Na5 fxe4 24. Nxb7 Rxb7 25. Rxe4 Nf6 26. Ree1 N4xd5 27. Qb3 Kh8 28. Rad1 Nb6 29. Nxe5 Qc7 30. Ng4 Rxe1 31. Rxe1 Bg7 32. Nxf6 Bxf6 33. Re8+ Kg7 34. Qg8+ Kh6 35. Bc1+ Bg5 36. Qf8+ Qg7 37. Bxg5+ Kxg5 38. h4+ Kxh4 39. Qf4+ 1-0

[Event "Asian Continental-ch Women 2019"]
[Site "XingTai"]
[Date "2019.06.07"]
[Round "1.19"]
[White "Zhang, Xiao"]
[Black "Munguntuul, Batkhuyag"]
[Result "1-0"]
[ECO "D30"]
[WhiteElo "2234"]
[BlackElo "2420"]
[Annotator "ChessBase"]
[PlyCount "79"]
[EventDate "2019.06.06"]
[EventType "swiss"]
[EventCountry "CHN"]
[SourceTitle "playchess.com"]
[Source "ChessBase"]
[SourceQuality "1"]
[TimeControl "40/5400+30:1800+30"]

1. d4 d5 2. c4 c6 3. Nf3 Nf6 4. e3 e6 5. Bd3 Nbd7 6. b3 b6 7. O-O Bb7 8. Bb2 Be7 9. Nbd2 O-O 10. Ne5 dxc4 11. Ndxc4 c5 12. Qe2 b5 13. Nd2 a6 14. a4 cxd4 15. exd4 Nd5 16. g3 Bb4 17. Ndf3 bxa4 18. bxa4 a5 19. Rac1 N7b6 20. Bb5 Rc8 21. h4 Qd6 22. Ng5 Nf6 23. Rxc8 Nxc8 24. Bc4 Nb6 25. Bb3 h6 26. Nh3 Rc8 27. g4 Bc3 28. g5 Qxd4 29. gxf6 Bxb2 30. Nxf7 Qxf6 31. Nd6 Bd5 32. Bxd5 Nxd5 33. Nxc8 Bd4 34. Nd6 Nc3 35. Qh5 e5 36. Nb5 g6 37. Qxh6 Ne2+ 38. Kh2 e4 39. Nxd4 Nxd4 40. Qf4 1-0

[Event "Asian Continental-ch Women 2019"]
[Site "XingTai"]
[Date "2019.06.07"]
[Round "1.20"]
[White "Kulkarni Bhakti"]
[Black "Swati Ghate"]
[Result "1-0"]
[ECO "A62"]
[WhiteElo "2380"]
[BlackElo "2220"]
[Annotator "ChessBase"]
[PlyCount "159"]
[EventDate "2019.06.06"]
[EventType "swiss"]
[EventCountry "CHN"]
[SourceTitle "playchess.com"]
[Source "ChessBase"]
[SourceQuality "1"]
[TimeControl "40/5400+30:1800+30"]

1. d4 Nf6 2. c4 e6 3. g3 c5 4. d5 exd5 5. cxd5 d6 6. Bg2 g6 7. Nc3 Bg7 8. Nf3 O-O 9. O-O Re8 10. Bf4 Bf5 11. Qb3 Na6 12. Nh4 Bc8 13. e4 Nc7 14. a4 Rb8 15. Rfe1 Nh5 16. Bd2 Bd7 17. Bf1 b6 18. Nb5 Nxb5 19. axb5 Rb7 20. Bc3 Bc8 21. Nf3 Rbe7 22. Bxg7 Nxg7 23. Qc4 f5 24. e5 Nh5 25. e6 Nf6 26. Ng5 Bb7 27. Bg2 Qa8 28. Rad1 Rf8 29. Qf4 Ne8 30. Qh4 Qb8 31. Nf7 Qc7 32. Re3 a6 33. bxa6 Bxa6 34. g4 fxg4 35. Qxg4 Ng7 36. Rde1 Rexf7 37. exf7+ Qxf7 38. Rf3 Nf5 39. Qe4 Bc8 40. Bh3 Bd7 41. Qd3 Qf6 42. Qd2 b5 43. Bxf5 Bxf5 44. Qf4 Kg7 45. Qg3 b4 46. Re6 Qxb2 47. Qxd6 Rf7 48. Re8 c4 49. Rf4 b3 50. Kg2 Qf6 51. Qxf6+ Kxf6 52. Rb8 Ke5 53. Rxc4 Be4+ 54. Kg1 Bxd5 55. f4+ Kd6 56. Rb6+ Kd7 57. Rd4 Kc7 58. Rb5 Be6 59. Rc5+ Kb6 60. Re5 Rf6 61. Kg2 Bf7 62. Kg3 Rc6 63. Rb4+ Ka6 64. Reb5 Be6 65. Rb8 Ka5 66. R4b7 Rc3+ 67. Kf2 Bc4 68. Ra7+ Ba6 69. Ke1 h5 70. h4 Rc1+ 71. Kd2 Rc2+ 72. Kd1 Rc3 73. Kd2 Rc2+ 74. Ke3 b2 75. Kd4 Rc4+ 76. Kd5 Rc2 77. Rb3 Rd2+ 78. Ke4 Re2+ 79. Kd4 Ka4 80. Rb6 1-0

[Event "Asian Continental-ch Women 2019"]
[Site "XingTai"]
[Date "2019.06.07"]
[Round "1.22"]
[White "Munkhzul, Turmunkh"]
[Black "Gu, Tianlu"]
[Result "1-0"]
[ECO "C00"]
[WhiteElo "2371"]
[BlackElo "2183"]
[Annotator "ChessBase"]
[PlyCount "129"]
[EventDate "2019.06.06"]
[EventType "swiss"]
[EventCountry "CHN"]
[SourceTitle "playchess.com"]
[Source "ChessBase"]
[SourceQuality "1"]
[TimeControl "40/5400+30:1800+30"]

1. e4 e6 2. d3 d5 3. Nd2 c5 4. Ngf3 Nc6 5. g3 Nf6 6. Bg2 Be7 7. O-O O-O 8. Re1 Rb8 9. e5 Nd7 10. Nf1 b5 11. h4 Qc7 12. Bf4 Nb6 13. h5 d4 14. h6 g6 15. N1h2 Nd5 16. Bd2 Bb7 17. Ng4 Qd8 18. Bc1 Qc7 19. Ng5 Qd8 20. Ne4 Qc7 21. Bg5 Bxg5 22. Nxg5 Nce7 23. Ne4 Kh8 24. Qd2 Ng8 25. Qg5 Qe7 26. Qxe7 Ndxe7 27. Nxc5 Bxg2 28. Kxg2 Rbc8 29. b4 Nf5 30. Rec1 Ngxh6 31. Nxh6 Nxh6 32. a4 bxa4 33. Rxa4 Rc7 34. Rca1 Ra8 35. Kf3 Nf5 36. Ke4 h5 37. R1a2 Ne7 38. Kxd4 Nc6+ 39. Ke4 Nxb4 40. Rxb4 Rxc5 41. c4 Kg7 42. Rb7 a5 43. Ra4 Kf8 44. d4 Rc6 45. Kd3 g5 46. Rb5 Rca6 47. d5 exd5 48. cxd5 Kg7 49. Ke4 Kg6 50. d6 f6 51. f4 gxf4 52. gxf4 fxe5 53. fxe5 Re8 54. Kf4 Rf8+ 55. Kg3 Rc6 56. Rb3 Rfc8 57. Rxa5 Kg5 58. Rf3 Kg6 59. Rd5 Rd8 60. Rf4 Rc3+ 61. Kh4 Re3 62. d7 Re1 63. Rd6+ Kg7 64. e6 Re5 65. Rf7+ 1-0

[Event "Asian Continental-ch Women 2019"]
[Site "XingTai"]
[Date "2019.06.07"]
[Round "1.23"]
[White "Mendoza, Shania Mae"]
[Black "Karavade, Eesha"]
[Result "1/2-1/2"]
[ECO "A45"]
[WhiteElo "2171"]
[BlackElo "2370"]
[Annotator "ChessBase"]
[PlyCount "80"]
[EventDate "2019.06.06"]
[EventType "swiss"]
[EventCountry "CHN"]
[SourceTitle "playchess.com"]
[Source "ChessBase"]
[SourceQuality "1"]
[TimeControl "40/5400+30:1800+30"]

1. d4 Nf6 2. Bg5 c5 3. Bxf6 gxf6 4. d5 Qb6 5. Qc1 Bh6 6. e3 f5 7. Nd2 f4 8. e4 Qg6 9. Ngf3 d6 10. c3 Bg4 11. Qc2 Nd7 12. Bb5 a6 13. Qa4 Rd8 14. Be2 Qf6 15. Rd1 O-O 16. h3 Bxf3 17. Nxf3 Ne5 18. O-O Bg7 19. Rfe1 Ra8 20. Rd2 b5 21. Qd1 Rfb8 22. a4 Nxf3+ 23. Bxf3 Qg5 24. Rde2 Be5 25. Kh1 Qg7 26. Rg1 b4 27. Rc2 bxc3 28. bxc3 Rb3 29. c4 Rab8 30. Bg4 R8b4 31. Bd7 Bd4 32. Qc1 Rb2 33. g3 Rxc2 34. Qxc2 Rb2 35. Qxb2 Bxb2 36. gxf4 Bc1 37. Rxg7+ Kxg7 38. Kg2 Bxf4 39. Kf3 Bd2 40. Ke2 Bb4 1/2-1/2

[Event "Asian Continental-ch Women 2019"]
[Site "XingTai"]
[Date "2019.06.07"]
[Round "1.24"]
[White "Pham, Le Thao Nguyen"]
[Black "Pham, Bich Ngoc"]
[Result "1-0"]
[ECO "A81"]
[WhiteElo "2370"]
[BlackElo "2167"]
[Annotator "ChessBase"]
[PlyCount "63"]
[EventDate "2019.06.06"]
[EventType "swiss"]
[EventCountry "CHN"]
[SourceTitle "playchess.com"]
[Source "ChessBase"]
[SourceQuality "1"]
[TimeControl "40/5400+30:1800+30"]

1. d4 f5 2. g3 Nf6 3. Bg2 g6 4. c3 Bg7 5. Nh3 c6 6. Qb3 Qb6 7. Nd2 Qxb3 8. axb3 O-O 9. Nc4 Na6 10. Nf4 d6 11. h4 Rb8 12. h5 g5 13. h6 Bh8 14. Nh5 g4 15. Nf4 Ne4 16. b4 e5 17. Bxe4 exf4 18. Bd3 fxg3 19. fxg3 d5 20. Nd6 Nxb4 21. cxb4 Bxd4 22. Nxc8 Rbxc8 23. Rh5 a6 24. Bxf5 Rce8 25. Ra3 Re5 26. Bxg4 Bf2+ 27. Kd1 Re4 28. Bf5 Rxb4 29. Rf3 Bc5 30. Be6+ Kh8 31. Rxf8+ Bxf8 32. Bg5 1-0

[Event "Asian Continental-ch Women 2019"]
[Site "XingTai"]
[Date "2019.06.07"]
[Round "1.25"]
[White "Frayna, Janelle Mae"]
[Black "Zhai, Mo"]
[Result "1/2-1/2"]
[ECO "B15"]
[WhiteElo "2157"]
[BlackElo "2358"]
[Annotator "ChessBase"]
[PlyCount "51"]
[EventDate "2019.06.06"]
[EventType "swiss"]
[EventCountry "CHN"]
[SourceTitle "playchess.com"]
[Source "ChessBase"]
[SourceQuality "1"]
[TimeControl "40/5400+30:1800+30"]

1. e4 c6 2. d4 d5 3. Nc3 dxe4 4. Nxe4 Nf6 5. Nxf6+ exf6 6. c3 Bd6 7. Bd3 O-O 8. Qc2 h5 9. Ne2 Qc7 10. Be3 Be6 11. Ng3 h4 12. Nf5 Bxf5 13. Bxf5 g6 14. Bd3 f5 15. g3 h3 16. O-O-O Kg7 17. Bxf5 gxf5 18. Qxf5 Rh8 19. Qg5+ Kf8 20. Qf6 Rh7 21. Bh6+ Kg8 22. Qg5+ Kh8 23. Qf6+ Kg8 24. Qg5+ Kh8 25. Qf6+ Kg8 26. Qg5+ 1/2-1/2

[Event "Asian Continental-ch Women 2019"]
[Site "XingTai"]
[Date "2019.06.08"]
[Round "2.18"]
[White "Li, Xueyi"]
[Black "Saduakassova, Dinara"]
[Result "0-1"]
[ECO "E48"]
[WhiteElo "2305"]
[BlackElo "2458"]
[Annotator "ChessBase"]
[PlyCount "64"]
[EventDate "2019.06.06"]
[EventType "swiss"]
[EventCountry "CHN"]
[SourceTitle "playchess.com"]
[Source "ChessBase"]
[SourceQuality "1"]
[TimeControl "40/5400+30:1800+30"]

1. d4 Nf6 2. c4 e6 3. Nc3 Bb4 4. e3 O-O 5. Bd3 c5 6. Nge2 d5 7. O-O cxd4 8. exd4 dxc4 9. Bxc4 Nc6 10. Bg5 Be7 11. a3 a6 12. Bf4 b5 13. Ba2 b4 14. Na4 bxa3 15. bxa3 Bxa3 16. Bxe6 Bxe6 17. Rxa3 Bc4 18. Nac3 Re8 19. Qa4 Bxe2 20. Nxe2 Rxe2 21. Qxc6 Re6 22. Qb7 Nd5 23. Bg5 f6 24. Ra5 Rd6 25. Bd2 Rb8 26. Qa7 Rb2 27. Bc1 Rbb6 28. Re1 Rbc6 29. Ba3 Re6 30. Rb1 Nc3 31. g3 Nxb1 32. d5 Qxa5 0-1

[Event "Asian Continental-ch Women 2019"]
[Site "XingTai"]
[Date "2019.06.08"]
[Round "2.19"]
[White "Hoang, Thi Bao Tram"]
[Black "Kulkarni Bhakti"]
[Result "0-1"]
[ECO "D11"]
[WhiteElo "2293"]
[BlackElo "2380"]
[Annotator "NA"]
[PlyCount "76"]
[EventDate "2019.06.06"]
[EventType "swiss"]
[EventCountry "CHN"]
[SourceTitle "playchess.com"]
[Source "ChessBase"]
[SourceQuality "1"]
[TimeControl "40/5400+30:1800+30"]

1. d4 d5 2. c4 c6 3. Nf3 Nf6 4. e3 Bg4 5. cxd5 Bxf3 6. Qxf3 cxd5 7. Nc3 Nc6 8. Bd2 e6 9. Qg3 a6 10. Rc1 Rc8 11. Bd3 Bd6 12. f4 O-O 13. Qh3 b5 14. O-O g6 15. g4 Na5 16. f5 exf5 17. gxf5 Nc4 18. Rc2 Re8 19. Bc1 Bf8 20. Rcf2 Bg7 21. Rf4 g5 22. R4f2 g4 23. Qg3 Bh6 24. Re2 Nd6 25. Kh1 Bg5 26. h3 b4 27. Na4 h5 28. hxg4 Nde4 29. Bxe4 Nxe4 30. Qf3 h4 31. Rg2 Ng3+ 32. Rxg3 hxg3 33. Nc5 Bxe3 34. f6 Bxd4 35. Nd3 Rc2 36. Qxg3 Ree2 37. g5 Qe8 38. Nf4 Qe4+ 0-1

[Event "Asian Continental-ch Women 2019"]
[Site "XingTai"]
[Date "2019.06.08"]
[Round "2.20"]
[White "Sukandar, Irine Kharisma"]
[Black "Kurbonboeva, Sarvinoz"]
[Result "1/2-1/2"]
[ECO "B90"]
[WhiteElo "2378"]
[BlackElo "2259"]
[Annotator "NA"]
[PlyCount "101"]
[EventDate "2019.06.06"]
[EventType "swiss"]
[EventCountry "CHN"]
[SourceTitle "playchess.com"]
[Source "ChessBase"]
[SourceQuality "1"]
[TimeControl "40/5400+30:1800+30"]

1. e4 c5 2. Nf3 d6 3. d4 cxd4 4. Nxd4 Nf6 5. Nc3 a6 6. h3 e5 7. Nb3 Be6 8. Be3 Be7 9. g4 d5 10. exd5 Nxd5 11. Nxd5 Bxd5 12. Rg1 Nc6 13. Qd2 O-O 14. O-O-O Bf3 15. Be2 Qxd2+ 16. Rxd2 Bxe2 17. Rxe2 Rfd8 18. a3 b5 19. Rd1 f6 20. Red2 Kf7 21. c3 Rxd2 22. Rxd2 Rd8 23. Bc5 Rxd2 24. Kxd2 Bd8 25. Kd3 Ke6 26. Be3 Kd5 27. f3 Be7 28. Nd2 g6 29. c4+ Ke6 30. b4 f5 31. gxf5+ gxf5 32. cxb5 axb5 33. Nb1 e4+ 34. fxe4 Ne5+ 35. Ke2 Nc4 36. exf5+ Kxf5 37. Kd3 h5 38. Bd4 Kg5 39. a4 Bxb4 40. axb5 Nd6 41. b6 Kh4 42. Nc3 Kxh3 43. Ne4 h4 44. Be5 Ba5 45. Ke2 Bxb6 46. Bxd6 Kg2 47. Ng5 h3 48. Nf3 Bf2 49. Ne1+ Bxe1 50. Kxe1 h2 51. Bxh2 1/2-1/2

[Event "Asian Continental-ch Women 2019"]
[Site "XingTai"]
[Date "2019.06.08"]
[Round "2.21"]
[White "Li, Yunshan"]
[Black "Munkhzul, Turmunkh"]
[Result "1/2-1/2"]
[ECO "E92"]
[WhiteElo "2264"]
[BlackElo "2371"]
[Annotator "NA"]
[PlyCount "146"]
[EventDate "2019.06.06"]
[EventType "swiss"]
[EventCountry "CHN"]
[SourceTitle "playchess.com"]
[Source "ChessBase"]
[SourceQuality "1"]
[TimeControl "40/5400+30:1800+30"]

1. d4 Nf6 2. c4 g6 3. Nc3 Bg7 4. e4 d6 5. Nf3 O-O 6. Be2 e5 7. dxe5 dxe5 8. Qxd8 Rxd8 9. Bg5 Re8 10. O-O-O Na6 11. Ne1 c6 12. f3 Be6 13. Nc2 h6 14. Be3 Bf8 15. Rd2 Kg7 16. Rhd1 Bc5 17. Bxc5 Nxc5 18. b3 a5 19. Kb2 Kf8 20. g3 Ke7 21. Ka3 Reb8 22. Ne3 Rd8 23. Bf1 Rxd2 24. Rxd2 Rd8 25. Rxd8 Kxd8 26. Kb2 Nh7 27. Kc2 Ng5 28. Bg2 Bd7 29. Kd2 h5 30. Nc2 f6 31. Ke3 Nf7 32. Ne2 Nd6 33. Nc1 f5 34. Nd3 Nxd3 35. Kxd3 fxe4+ 36. fxe4 b6 37. a3 Be6 38. Ne3 b5 39. c5 Ne8 40. b4 a4 41. Nd1 Nc7 42. Ne3 Ba2 43. Kc3 Ne6 44. Nc2 Bb1 45. Kb2 Bxc2 46. Kxc2 Nd4+ 47. Kd3 Ke7 48. h4 Kf7 49. Bh3 Ke8 50. Bg2 Ke7 51. Kd2 Kf6 52. Bh3 Nb3+ 53. Kc2 g5 54. hxg5+ Kxg5 55. Bd7 h4 56. gxh4+ Kxh4 57. Kd3 Nd4 58. Be8 Kg4 59. Bd7+ Kf3 60. Be8 Kf2 61. Kd2 Nb3+ 62. Kd3 Nd4 63. Kd2 Kf3 64. Kd3 Kf4 65. Bd7 Kg5 66. Be8 Kf6 67. Bd7 Kf7 68. Bg4 Ke7 69. Kd2 Nb3+ 70. Kd3 Nd4 71. Kd2 Nb3+ 72. Kd3 Nd4 73. Kd2 Nb3+ 1/2-1/2

[Event "Asian Continental-ch Women 2019"]
[Site "XingTai"]
[Date "2019.06.08"]
[Round "2.22"]
[White "Ren, Xiaoyi"]
[Black "Pham, Le Thao Nguyen"]
[Result "1-0"]
[ECO "B26"]
[WhiteElo "2255"]
[BlackElo "2370"]
[Annotator "NA"]
[PlyCount "115"]
[EventDate "2019.06.06"]
[EventType "swiss"]
[EventCountry "CHN"]
[SourceTitle "playchess.com"]
[Source "ChessBase"]
[SourceQuality "1"]
[TimeControl "40/5400+30:1800+30"]

1. e4 c5 2. Nc3 d6 3. g3 Nc6 4. Bg2 g6 5. Nge2 Bg7 6. O-O e6 7. d3 Nge7 8. Be3 Nd4 9. Qd2 O-O 10. Nd1 Rb8 11. Nxd4 cxd4 12. Bh6 e5 13. Bxg7 Kxg7 14. c3 Nc6 15. f4 f6 16. Nf2 Be6 17. Bf3 b5 18. f5 Bd7 19. h4 dxc3 20. bxc3 b4 21. cxb4 Nd4 22. Bg2 gxf5 23. Kh2 Kh8 24. exf5 Bxf5 25. Ne4 Bxe4 26. dxe4 Qe7 27. Rf2 Qg7 28. Bh3 Rg8 29. Rg1 Qe7 30. a3 Rg7 31. Rgf1 Rf8 32. Qe3 Rff7 33. Rc1 Rg8 34. Rcf1 Qf8 35. a4 Qe7 36. b5 Qd8 37. Qa3 Rgf8 38. Rc1 Rc7 39. Rxc7 Qxc7 40. Qb4 Kg7 41. Bg4 Rd8 42. h5 Qb7 43. Qe1 Rf8 44. Qe3 h6 45. Qd3 Qc7 46. Qd1 Qc3 47. Bf5 Qe3 48. Qg4+ Kf7 49. Kg2 Rg8 50. Bg6+ Ke7 51. a5 Nxb5 52. Rxf6 Kxf6 53. Qf5+ Ke7 54. Qf7+ Kd8 55. Qxg8+ Kc7 56. Qf7+ Kc6 57. Qc4+ Qc5 58. Be8+ 1-0

[Event "Asian Continental-ch Women 2019"]
[Site "XingTai"]
[Date "2019.06.08"]
[Round "2.23"]
[White "Mahalakshmi, M."]
[Black "Vaishali R"]
[Result "1-0"]
[ECO "A50"]
[WhiteElo "2245"]
[BlackElo "2338"]
[Annotator "NA"]
[PlyCount "117"]
[EventDate "2019.06.06"]
[EventType "swiss"]
[EventCountry "CHN"]
[SourceTitle "playchess.com"]
[Source "ChessBase"]
[SourceQuality "1"]
[TimeControl "40/5400+30:1800+30"]

1. d4 Nf6 2. c4 b6 3. Nf3 Bb7 4. g3 g6 5. Bg2 Bg7 6. Nc3 O-O 7. Qc2 c5 8. d5 e6 9. O-O exd5 10. Nh4 Na6 11. cxd5 Re8 12. e4 d6 13. Bd2 Qd7 14. Qb3 Rac8 15. Rfe1 c4 16. Qa4 Qd8 17. Bh3 Nc5 18. Qc2 Rc7 19. Bg2 Nd3 20. Rf1 a6 21. a4 Rce7 22. b3 Qc8 23. Rab1 Ng4 24. Nd1 b5 25. Bc3 Qc5 26. Bxg7 Kxg7 27. bxc4 bxc4 28. Nb2 Ngxf2 29. Rxf2 Nxf2 30. Qxf2 Rc8 31. Qxc5 Rxc5 32. Rc1 c3 33. Nd3 Rc4 34. e5 Rd7 35. e6 fxe6 36. dxe6 Re7 37. Bxb7 Rxb7 38. Nf3 Kf6 39. Nf4 g5 40. Nd5+ Kxe6 41. Nxc3 d5 42. Re1+ Kd6 43. Ne2 Re7 44. Kf2 g4 45. Nfd4 Rf7+ 46. Ke3 Rxa4 47. Rc1 Ra3+ 48. Kd2 Ra2+ 49. Kd3 Rc7 50. Rf1 Kd7 51. Rf5 Ra5 52. Rg5 Kd6 53. Rxg4 Ra1 54. Rf4 Rd1+ 55. Ke3 Re7+ 56. Kf2 a5 57. Nf5+ Kd7 58. Nxe7 Kxe7 59. Ra4 1-0

[Event "Asian Continental-ch Women 2019"]
[Site "XingTai"]
[Date "2019.06.08"]
[Round "2.24"]
[White "Vo, Thi Kim Phung"]
[Black "Dauletova, Gulmira"]
[Result "1/2-1/2"]
[ECO "D38"]
[WhiteElo "2337"]
[BlackElo "2252"]
[Annotator "NA"]
[PlyCount "126"]
[EventDate "2019.06.06"]
[EventType "swiss"]
[EventCountry "CHN"]
[SourceTitle "playchess.com"]
[Source "ChessBase"]
[SourceQuality "1"]
[TimeControl "40/5400+30:1800+30"]

1. d4 Nf6 2. Nf3 d5 3. c4 e6 4. Nc3 Bb4 5. Bg5 h6 6. Bxf6 Qxf6 7. e3 c5 8. cxd5 exd5 9. Rc1 c4 10. Be2 O-O 11. O-O Bxc3 12. bxc3 Bf5 13. Nd2 Qe6 14. Re1 Nd7 15. e4 dxe4 16. Bxc4 Qc6 17. Qb3 Nf6 18. Nf1 Rac8 19. Ne3 Bg6 20. Bf1 Qc7 21. Rc2 Rfd8 22. Rec1 Qb8 23. Rd2 Kh7 24. Be2 Rc7 25. a4 Re7 26. c4 Red7 27. Qb2 Qc7 28. Qc3 b6 29. a5 Rd6 30. axb6 axb6 31. Qb2 Qd7 32. Rcd1 Bh5 33. Bxh5 Nxh5 34. Qb1 f5 35. g4 Rg6 36. Kh1 fxg4 37. Qxe4 Nf6 38. Qd3 Qe6 39. Ng2 Qe4 40. Re1 Qxd3 41. Rxd3 Rg5 42. d5 b5 43. cxb5 Rdxd5 44. Rxd5 Nxd5 45. Rc1 Nb6 46. Rb1 Kg8 47. Ne3 h5 48. Kg2 Kf7 49. f3 Re5 50. Rb3 gxf3+ 51. Kxf3 g5 52. h3 Ke6 53. Rb1 Kd6 54. Rd1+ Ke6 55. Rb1 Kd6 56. Rd1+ Kc5 57. Rc1+ Kxb5 58. Rb1+ Kc5 59. Rxb6 Rxe3+ 60. Kxe3 Kxb6 61. Ke4 Kc5 62. Kf5 g4 63. hxg4 hxg4 1/2-1/2

[Event "Asian Continental-ch Women 2019"]
[Site "XingTai"]
[Date "2019.06.08"]
[Round "2.25"]
[White "Karavade, Eesha"]
[Black "Zhang, Xiao"]
[Result "1-0"]
[ECO "B11"]
[WhiteElo "2370"]
[BlackElo "2234"]
[Annotator "NA"]
[PlyCount "149"]
[EventDate "2019.06.06"]
[EventType "swiss"]
[EventCountry "CHN"]
[SourceTitle "playchess.com"]
[Source "ChessBase"]
[SourceQuality "1"]
[TimeControl "40/5400+30:1800+30"]

1. e4 c6 2. Nf3 d5 3. Nc3 Bg4 4. Be2 e6 5. d4 Nf6 6. h3 Bxf3 7. Bxf3 Be7 8. O-O O-O 9. Re1 dxe4 10. Nxe4 Nbd7 11. c3 Nxe4 12. Bxe4 Nf6 13. Bf3 Qc7 14. g3 Rfd8 15. Qe2 c5 16. Bf4 Qb6 17. dxc5 Bxc5 18. Rad1 Rac8 19. Kg2 Ne8 20. Bg5 f6 21. Bc1 e5 22. Be4 Bf8 23. Qh5 g6 24. Qf3 Rxd1 25. Rxd1 Nd6 26. Bd5+ Kg7 27. h4 Be7 28. h5 f5 29. Rh1 Qc5 30. hxg6 hxg6 31. Be3 Qb5 32. b3 b6 33. c4 Qd7 34. Bh6+ Kf6 35. Bc1 Rf8 36. Qe3 f4 37. gxf4 Qg4+ 38. Qg3 Qxg3+ 39. fxg3 exf4 40. Bxf4 Nf5 41. g4 g5 42. Bc1 Nh4+ 43. Kf2 Ke5+ 44. Ke2 Ng6 45. Rh7 Bc5 46. Bxg5 Rf2+ 47. Kd3 Rxa2 48. Rf7 Rf2 49. Bf3 Ke6 50. Rf6+ Ke5 51. Rf5+ Kd6 52. Ke4 Ne7 53. Rf6+ Kd7 54. Bd1 Rg2 55. Bf4 Rg1 56. Bf3 Rb1 57. g5 Rxb3 58. Bg4+ Ke8 59. g6 Ng8 60. Rf7 Be7 61. Be6 Rb1 62. g7 Rg1 63. Be5 Re1+ 64. Kd5 Rd1+ 65. Kc6 Re1 66. Rf5 Rxe5 67. Rxe5 Bf6 68. Re4 Ne7+ 69. Kb7 Bxg7 70. Kxa7 Bd4 71. Kb7 Bc5 72. Kc7 Kf8 73. Rg4 Ke8 74. Rg3 Kf8 75. Kd7 1-0

[Event "Asian Continental-ch Women 2019"]
[Site "XingTai"]
[Date "2019.06.09"]
[Round "3.25"]
[White "Pham, Le Thao Nguyen"]
[Black "San Diego, Marie Antoinette"]
[Result "1-0"]
[ECO "D02"]
[WhiteElo "2370"]
[BlackElo "2080"]
[Annotator "NA"]
[PlyCount "121"]
[EventDate "2019.06.06"]
[EventType "swiss"]
[EventCountry "CHN"]
[SourceTitle "playchess.com"]
[Source "ChessBase"]
[SourceQuality "1"]
[TimeControl "40/5400+30:1800+30"]

1. d4 d5 2. Nf3 Nf6 3. Bf4 c5 4. e3 Nc6 5. Nbd2 cxd4 6. exd4 Bf5 7. c3 e6 8. Qb3 Qc8 9. Nh4 Bg6 10. Nxg6 hxg6 11. h3 Be7 12. Bd3 a6 13. O-O O-O 14. a4 Na5 15. Qc2 Qd7 16. b4 Nc4 17. Bxc4 dxc4 18. Bg5 b5 19. Bxf6 gxf6 20. a5 Rad8 21. Nf3 Rfe8 22. Rfe1 Bf8 23. Re2 Bg7 24. Rae1 Qd6 25. Qe4 Qd5 26. Qh4 Qc6 27. Re3 Rd5 28. g4 Red8 29. Re4 Qd6 30. Kg2 Rc8 31. Nh2 e5 32. dxe5 Rxe5 33. Rxe5 fxe5 34. g5 Qd5+ 35. Re4 Qd3 36. Re3 Qd5+ 37. Kg1 Qd1+ 38. Nf1 Rd8 39. Kg2 Qd5+ 40. Kg1 Qd1 41. Qe4 Qd5 42. Ng3 Qxe4 43. Nxe4 f5 44. gxf6 Bh6 45. Re2 Kf7 46. Kg2 Bf4 47. Re1 Rd3 48. h4 Rd8 49. Rh1 Rd3 50. h5 gxh5 51. Rxh5 Kg6 52. Rh8 Bd2 53. Rg8+ Kf7 54. Rg3 Rxg3+ 55. fxg3 Bc1 56. Kf3 Kg6 57. Ke2 Bh6 58. Nc5 Bf8 59. Nxa6 Bd6 60. Nc5 Bc7 61. Nd7 1-0

[Event "Asian Continental-ch Women 2019"]
[Site "XingTai"]
[Date "2019.06.10"]
[Round "4.18"]
[White "Kulkarni Bhakti"]
[Black "Saduakassova, Dinara"]
[Result "1/2-1/2"]
[ECO "E04"]
[WhiteElo "2380"]
[BlackElo "2458"]
[Annotator "ChessBase"]
[PlyCount "45"]
[EventDate "2019.06.06"]
[EventType "swiss"]
[EventCountry "CHN"]
[SourceTitle "playchess.com"]
[Source "ChessBase"]
[SourceQuality "1"]
[TimeControl "40/5400+30:1800+30"]

1. d4 Nf6 2. c4 e6 3. g3 d5 4. Bg2 dxc4 5. Nf3 a6 6. O-O Nc6 7. e3 Bd7 8. Nfd2 Na5 9. b3 cxb3 10. Nxb3 Nxb3 11. Qxb3 Rb8 12. Nc3 Be7 13. e4 O-O 14. e5 Nd5 15. Nxd5 exd5 16. Bxd5 Bc6 17. Bxc6 bxc6 18. Qc4 Rb4 19. Qxa6 Qxd4 20. Be3 Qxe5 21. Qxc6 Bf6 22. Rab1 Qe4 23. Qxe4 1/2-1/2

[Event "Asian Continental-ch Women 2019"]
[Site "XingTai"]
[Date "2019.06.10"]
[Round "4.19"]
[White "Sukandar, Irine Kharisma"]
[Black "Zhai, Mo"]
[Result "1-0"]
[ECO "C65"]
[WhiteElo "2378"]
[BlackElo "2358"]
[Annotator "NA"]
[PlyCount "101"]
[EventDate "2019.06.06"]
[EventType "swiss"]
[EventCountry "CHN"]
[SourceTitle "playchess.com"]
[Source "ChessBase"]
[SourceQuality "1"]
[TimeControl "40/5400+30:1800+30"]

1. e4 e5 2. Nf3 Nc6 3. Bb5 Nf6 4. d3 Bc5 5. c3 O-O 6. O-O d6 7. h3 Ne7 8. d4 Bb6 9. Bd3 Ng6 10. Re1 c6 11. Nbd2 Bc7 12. Nf1 Re8 13. Ng3 h6 14. Qc2 Nh7 15. Be3 Ng5 16. Nh2 Nf4 17. Bf1 Be6 18. Rad1 Qf6 19. c4 h5 20. d5 Bd7 21. Qc3 cxd5 22. exd5 h4 23. Ne2 Qg6 24. Kh1 Ne4 25. Qa3 Bb6 26. Nxf4 exf4 27. Bxb6 axb6 28. Qf3 Rxa2 29. Bd3 Bf5 30. Re2 Raa8 31. Qxf4 Ng3+ 32. fxg3 Bxd3 33. Rxe8+ Rxe8 34. Qxh4 Re4 35. Qd8+ Kh7 36. Nf3 Rxc4 37. Ng5+ Kh6 38. h4 Kh5 39. Nh3 f6 40. Qh8+ Kg4 41. Rxd3 Qxd3 42. Nf2+ Kxg3 43. Nxd3 Rxh4+ 44. Qxh4+ Kxh4 45. Nf2 Kg3 46. Ne4+ Kf4 47. Nxd6 Ke5 48. Ne8 Kxd5 49. Nxg7 b5 50. Nh5 f5 51. Ng3 1-0

[Event "Asian Continental-ch Women 2019"]
[Site "XingTai"]
[Date "2019.06.10"]
[Round "4.20"]
[White "Munguntuul, Batkhuyag"]
[Black "Kurbonboeva, Sarvinoz"]
[Result "0-1"]
[ECO "B56"]
[WhiteElo "2420"]
[BlackElo "2259"]
[Annotator "NA"]
[PlyCount "140"]
[EventDate "2019.06.06"]
[EventType "swiss"]
[EventCountry "CHN"]
[SourceTitle "playchess.com"]
[Source "ChessBase"]
[SourceQuality "1"]
[TimeControl "40/5400+30:1800+30"]

1. e4 c5 2. Nf3 d6 3. d4 cxd4 4. Nxd4 Nf6 5. Nc3 Nc6 6. Be3 Ng4 7. Bc1 Qb6 8. Bb5 e5 9. Nd5 Qxd4 10. Qxd4 exd4 11. Nc7+ Kd8 12. Nxa8 Bd7 13. Bf4 Kc8 14. Rd1 Nge5 15. O-O Kb8 16. c3 dxc3 17. bxc3 Kxa8 18. Bxc6 Nxc6 19. Bxd6 Bxd6 20. Rxd6 Be6 21. a3 Kb8 22. f4 Kc7 23. Rfd1 g6 24. Kf2 b6 25. Kf3 h5 26. h3 Na5 27. R6d4 Nb3 28. Rd6 Nc5 29. R6d4 Bd7 30. e5 Ba4 31. Rg1 Bc6+ 32. Ke3 h4 33. Rd6 Ne6 34. Rgd1 Rh5 35. R6d2 Rf5 36. Rf2 g5 37. fxg5 Rxe5+ 38. Kd2 Nxg5 39. Kc1 Bd5 40. Rd4 Ne4 41. Re2 f5 42. Re3 Kc6 43. Kb2 Kc5 44. Rf3 Nd6 45. Rf2 Nc4+ 46. Kc1 Re3 47. Rxh4 Be4 48. Kd1 Rxc3 49. Rh7 Bd3 50. Rf3 Rxa3 51. Ke1 Ra1+ 52. Kf2 Be4 53. Rg3 Ne5 54. Rgg7 a5 55. h4 Ra2+ 56. Ke3 Kd5 57. Rh5 a4 58. g4 Nc4+ 59. Kf4 Rf2+ 60. Kg5 a3 61. Ra7 a2 62. Ra4 b5 63. Rxa2 Rxa2 64. gxf5 Ke5 65. f6 Rg2+ 66. Kh6+ Kxf6 67. Rxb5 Rg6+ 68. Kh7 Rg5+ 69. Kh6 Rxb5 70. h5 Kf5 0-1